 Dungeon Crawl Stone Soup version 0.27.1-16-g815e20cd7a (webtiles) character file.

Game seed: 4185874619004127707

75 spaced the Grave Robber (level 4, -4/30 HPs)
             Began as a Demonspawn Necromancer on Nov 23, 2021.
             Was an Initiate of Gozag.
             Slain by Crazy Yiuf (6 damage)
             ... on level 2 of the Dungeon.
             The game lasted 00:14:30 (2248 turns).

spaced the Grave Robber (Demonspawn Necromancer)    Turns: 2248, Time: 00:14:30

Health: -4/30      AC:  8    Str:  8    XL:     4   Next: 11%
Magic:  5/8        EV: 12    Int: 18    God:    Gozag
Gold:   200        SH:  0    Dex: 13    Spells: 4/9 levels left

rFire    + . .     SeeInvis .   n - +1 short sword (freeze)
rCold    + . .     Faith    .   (no shield)
rNeg     . . .     Spirit   .   a - +0 robe
rPois    +         Reflect  .   k - +0 helmet
rElec    +         Harm     .   (no cloak)
rCorr    +         Rampage  .   l - +0 pair of gloves
Will     .....                  (no boots)
Stlth    ++........             (no amulet)
HPRegen  0.10/turn              b - +4 ring of protection
MPRegen  0.22/turn              (no ring)

@: brilliant, lethally poisoned (-4 -> -6), resistant
A: talons 1, demonic guardian 1, magic regeneration
a: Renounce Religion, Potion Petition, Call Merchant, Bribe Branch


You were on level 2 of the Dungeon.
You worshipped Gozag.
Gozag was aware of your devotion.
You visited 1 branch of the dungeon, and saw 3 of its levels.

You collected 200 gold pieces.

Inventory:

Hand Weapons
 c - a +0 short sword
 f - a +0 hand axe of venom
 i - a +1 dagger of freezing
 n - a +1 short sword of freezing (weapon)
Missiles
 p - 4 atropa-tipped darts
Armour
 a - a +0 robe (worn)
 d - a +0 ring mail
 g - a +0 leather armour
 k - a +0 helmet (worn)
 l - a +0 pair of gloves (worn)
Jewellery
 b - a +4 ring of protection (left hand)
Scrolls
 h - 2 scrolls of identify {unknown}
 m - 3 scrolls of amnesia {unknown}
Potions
 j - a potion of flight {unknown}


   Skills:
 + Level 0.1 Fighting
 + Level 0.3 Short Blades
 + Level 2.0 Dodging
 + Level 2.0 Stealth
 + Level 3.0 Spellcasting
 + Level 5.2 Necromancy


You had 4 spell levels left.
You knew the following spells:

 Your Spells              Type           Power      Damage    Failure   Level
a - Pain                  Necr           100%       1d9       1%          1
b - Animate Skeleton      Necr           64%        N/A       1%          1
c - Vampiric Draining     Necr           16%        2d8       5%          3

Your spell library contained the following spells:

 Spells                   Type           Power      Damage    Failure   Level
 Animate Dead             Necr           16%        N/A       19%         4
 Conjure Flame            Conj/Fire      4%         6-21      43%         3
 Ignite Poison            Fire/Tmut/Pois 4%         N/A       43%         3
 Sticky Flame             Conj/Fire      4%         2d3       85%         4
 Agony                    Necr           32%        N/A       45%         5


Dungeon Overview and Level Annotations

Branches:
Dungeon (3/15)

Altars:
Fedhas
Gozag

Annotations:
D:2 Crazy Yiuf


Innate Abilities, Weirdness & Mutations

You have sharp toenails.
A weak demonic guardian rushes to your aid.
You regenerate magic rapidly.


Message History

Crazy Yiuf barely resists.
You feel very sick.
Crazy Yiuf barely misses your shadow imp.
Your shadow imp closely misses Crazy Yiuf.
You feel very sick.
Crazy Yiuf hits your shadow imp with a +3 quarterstaff of chaos.
Your shadow imp dies!
Your shadow imp disappears in a puff of smoke!
* * * LOW HITPOINT WARNING * * *
You feel sick.
Casting: Pain (safe; 1% risk of failure)
Confirm with . or Enter, or press ? or * to list all spells.
Aiming: Pain (safe; 1% risk of failure)
Press: ? - help, Shift-Dir - straight line, f/p - Crazy Yiuf
Aim: Crazy Yiuf, wielding a +3 quarterstaff of chaos and wearing a +0 cloak (blue smoke, lightly wounded, chance to affect: 86%) Crazy Yiuf writhes in agony.
* * * LOW HITPOINT WARNING * * *
You feel sick.
Casting: Pain (safe; 1% risk of failure)
Confirm with . or Enter, or press ? or * to list all spells.
You don't know that spell.
It was a potion of brilliance.
You feel clever all of a sudden.
* * * LOW HITPOINT WARNING * * *
You feel sick. Crazy Yiuf closely misses you.
It was a potion of resistance.
You feel protected.
* * * LOW HITPOINT WARNING * * *
You feel sick. Crazy Yiuf barely misses you.
Casting: Pain (safe; 1% risk of failure)
Confirm with . or Enter, or press ? or * to list all spells.
Aiming: Pain (safe; 1% risk of failure)
Press: ? - help, Shift-Dir - straight line, f/p - Crazy Yiuf
Aim: Crazy Yiuf, wielding a +3 quarterstaff of chaos and wearing a +0 cloak (moderately wounded, chance to affect: 89%)
You feel a surge of power!
Crazy Yiuf writhes in agony.
* * * LOW HITPOINT WARNING * * *
You feel sick.
Crazy Yiuf hits you with a +3 quarterstaff of chaos.
You die...
Your body crumbles into a pile of gold.

.##......##
###....#####.
.###....## #####
###..........
.##...### #)..#
#......(..###
......# #...#
###....##.###
.####.# ...
#....##.... .#....#
#'# ###.....#####
.#.#### ♣.♣♣
#.....[...##. ##.#
♣♣g♣ #.........###
##.### ♣@♣♣
#.........###
.....# #### ♣♣.♣
#...........#
.....###..# ♣♣.♣♣
#......(..##.
....[##..## ♣♣...♣
############P
.....##.### ♣....♣
#. ..........#
##..## #.
.....####.####....#
## .....#
#........## #P
.....# #####...##
#P


You could see Crazy Yiuf.

Vanquished Creatures
  Robin (D:2)
  A dart slug (D:2)
  5 endoplasms
  A giant cockroach (D:2)
  14 goblins
  11 hobgoblins
  2 jackals (D:2)
  2 quokkas (D:1)
  2 ball pythons
  5 bats
  A frilled lizard (D:2)
  5 kobolds
  3 rats (D:1)
53 creatures vanquished.

Vanquished Creatures (others)
  5 demonic plants (D:2)
  2 fungi (D:2)
  5 plants (D:2)
  3 withered plants (D:2)
15 creatures vanquished.

Grand Total: 68 creatures vanquished

Notes
Turn   | Place    | Note
-------+----------+-------------------------------------------
     0 | D:1      | spaced the Demonspawn Necromancer began the quest for the
                  | Orb.
     0 | D:1      | Reached XP level 1. HP: 13/13 MP: 3/3
   411 | D:1      | Gained mutation: A weak demonic guardian rushes to your
                  | aid. [demonic ancestry]
   411 | D:1      | Reached XP level 2. HP: 18/19 MP: 3/5
   416 | D:1      | Learned a level 1 spell: Animate Skeleton
  1122 | D:2      | Reached skill level 5 in Necromancy
  1132 | D:2      | Found a faded altar of an unknown god.
  1134 | D:2      | Gained mutation: You have sharp toenails. [demonic
                  | ancestry]
  1134 | D:2      | Reached XP level 3. HP: 17/24 MP: 0/6
  1200 | D:2      | Became a worshipper of Gozag Ym Sagoz the Greedy
  1349 | D:2      | Noticed Robin
  1665 | D:2      | Killed Robin
  1730 | D:2      | Found a blossoming altar of Fedhas.
  1737 | D:2      | You fall into a shaft and drop 1 floor!
  1883 | D:3      | Noticed a phantom
  1895 | D:3      | Gained mutation: You regenerate magic rapidly. [demonic
                  | ancestry]
  1895 | D:3      | Reached XP level 4. HP: 25/30 MP: 2/8
  2229 | D:2      | Found a runed translucent door.
  2230 | D:2      | Noticed Crazy Yiuf
  2235 | D:2      | Learned a level 3 spell: Vampiric Draining
  2248 | D:2      | Slain by Crazy Yiuf

Illustrated notes

Levels and vault maps discovered:
D:1:      amcnicky_arrival_gap_in_the_tavern_cellar, layout_basic
D:2:      layout_rooms, basic_altar, shapermc_ecumenical_altar_gd, uniq_robin,
          uniq_crazy_yiuf_cottage
D:3:      layout_basic, zin_academy, minmay_circle_x

Skill      XL: |  1  2  3 |
---------------+----------+-----
Stealth        | 2 |  2.0
Necromancy     | 5 |  5.2
Dodging        | 2 |  2.0
Spellcasting   | 3 |  3.0
Fighting       | |  0.1
Short Blades   | |  0.3

Action                   |  1- 3 |  4- 6 || total
-------------------------+-------+-------++-------
Melee: Unarmed           |     1 |       ||     1
       Short sword       |     6 |     2 ||     8
       Dagger            |    12 |     3 ||    15
       Hand axe          |     4 |       ||     4
       Kick              |     1 |       ||     1
 Cast: Pain              |    73 |    11 ||    84
       Animate Skeleton  |     6 |       ||     6
  Use: Potion            |       |     2 ||     2
 Stab: Sleeping          |     1 |       ||     1
Armor: Robe              |    11 |     5 ||    16
Dodge: Dodged            |    27 |    14 ||    41
